Map: [ESL] Ancient Cistern

Players

Maru - Winner!

  • Race: Terran Terran

Solar

  • Race: Zerg Zerg

Event: IEM Katowice 2023

VOD

Have the link to the VOD?

Description

Time

  • Played on: Feb. 12, 2023, 5:51 a.m.
  • Length: 9:14

All games in this series

Show
View Real Time Build Order
Export as new Build Order

Maru Terran - Winner!

Build Orders: Gas First Reaper Expand, Hellion Opening 

Get SALT Encoding   

  12  0:00  SCV  
  13  0:12  SCV  
  14  0:16  Supply Depot  
  14  0:24  SCV  
  15  0:28  Refinery  
  15  0:38  SCV  
  16  0:43  Barracks  
  16  0:50  SCV  
  17  1:02  SCV  
  18  1:14  SCV  
  19  1:30  Orbital Command, Reaper  
  20  1:40  Command Center  
  20  1:51  Factory  
  20  1:56  SCV  
  21  2:07  Barracks Reactor  
  22  2:08  SCV  
  22  2:12  Supply Depot  
  22  2:16  Refinery  
  22  2:20  SCV  
  23  2:34  SCV  
  24  2:44  Starport  
  24  2:46  SCV  
  24  2:49  Hellion x2  
  29  2:52  Orbital Command  
  29  2:58  SCV  
  30  3:02  Marine  
  31  3:10  SCV, Hellion x2  
  36  3:19  SCV, Supply Depot  
  37  3:23  Viking  
  37  3:25  SCV  
  40  3:31  SCV  
  41  3:37  Hellion x2  
  41  3:40  SCV  
  46  3:42  Supply Depot  
  46  3:43  SCV  
  46  3:45  Barracks Tech Lab  
  47  3:52  SCV  
  47  3:53  Medivac  
  47  3:55  SCV  
  47  4:04  SCV  
  47  4:05  Hellion  
  47  4:07  SCV  
  46  4:10  Supply Depot  
  46  4:17  SCV  
  47  4:19  SCV  
  47  4:21  Factory  
  47  4:22  Armory  
  47  4:23  Hellion  
  50  4:29  SCV  
  51  4:31  SCV  
  51  4:35  Starport Reactor  
  52  4:41  Command Center, SCV  
  52  4:43  SCV  
  54  4:50  Widow Mine x2  
  54  4:52  Refinery  
  58  4:53  SCV  
  58  4:56  SCV  
  60  5:05  SCV  
  61  5:08  SCV  
  61  5:11  Drilling Claws  
  61  5:12  Widow Mine x3  
  61  5:13  Medivac  
  64  5:16  Barracks Tech Lab  
  64  5:17  SCV  
  64  5:18  Refinery  
  64  5:20  SCV  
  66  5:23  Supply Depot  
  66  5:29  SCV  
  66  5:32  SCV  
  66  5:34  Barracks  
  68  5:36  Widow Mine  
  68  5:37  Barracks, Widow Mine  
  68  5:39  Stimpack  
  70  5:45  Widow Mine, SCV x2  
  70  5:49  Engineering Bay  
  74  5:50  Engineering Bay  
  74  5:55  Medivac x2  
  74  5:56  Marine  
  74  5:57  SCV x2  
  81  6:00  Orbital Command  
  85  6:04  Widow Mine x2  
  85  6:06  Widow Mine  
  85  6:09  SCV x2  
  89  6:11  Supply Depot  
  89  6:18  Barracks  
  89  6:21  SCV  
  89  6:22  Barracks  
  89  6:25  Medivac  
  92  6:29  Barracks Reactor x2  
  92  6:30  Orbital Command  
  92  6:32  SCV  
  93  6:33  SCV  
  93  6:34  Marine  
  101  6:46  Medivac  
  101  6:50  Siege Tank  
  101  6:51  SCV x2  
  98  6:57  Terran Infantry Weapons Level 1  
  98  6:58  Factory Tech Lab  
  98  7:01  Supply Depot  
  98  7:02  Barracks, SCV, Supply Depot  
  98  7:03  Barracks  
  98  7:05  Barracks  
  98  7:07  SCV x2  
  97  7:09  Marine x2  
  97  7:10  Marine x3  
  97  7:11  Bunker  
  97  7:12  Marine x2  
  90  7:19  Medivac  
  90  7:20  Orbital Command  
  91  7:26  Siege Tank  
  91  7:27  Marine x3  
  91  7:28  Marine x2  
  95  7:32  Combat Shield  
  95  7:33  Marine x2  
  95  7:44  SCV x2  
  97  7:45  Marine x3, Siege Tank  
  97  7:46  Marine x2  
  105  7:51  Marine x2  
  105  7:53  Marine  
  105  7:54  Marine  
  105  7:58  Siege Tank, SCV x2  
  110  8:05  Marine x2  
  95  8:16  Marine x4  
  93  8:20  Marine  
  93  8:21  Orbital Command, Marine x2  
  93  8:23  Marine  
  93  8:24  Medivac  
  93  8:25  Medivac  
  98  8:36  Marine, Supply Depot x3  
  98  8:38  Marine, Supply Depot  
  98  8:39  Marine  
  98  8:41  Supply Depot  
  101  8:51  Marine  
  101  8:52  Marine  
  101  8:53  Marine  
  101  8:55  Marine  
  101  8:56  Marine  
Show
View Real Time Build Order
Export as new Build Order

Solar Zerg 

Build Orders: Hatch First 

Get SALT Encoding   

  12  0:00  Drone  
  13  0:12  Overlord  
  13  0:17  Drone  
  14  0:31  Drone x2  
  16  0:48  Hatchery  
  15  0:50  Drone  
  15  0:54  Drone  
  17  0:58  Drone  
  18  1:08  Extractor  
  17  1:12  Spawning Pool  
  17  1:15  Drone  
  17  1:19  Drone  
  18  1:29  Drone  
  19  1:39  Drone  
  20  1:50  Drone  
  21  1:59  Queen x2  
  21  2:00  Zergling x4  
  27  2:12  Metabolic Boost  
  27  2:13  Overlord  
  27  2:15  Drone  
  28  2:27  Hatchery  
  28  2:30  Drone  
  28  2:32  Drone  
  29  2:38  Queen  
  29  2:42  Drone  
  32  2:46  Overlord  
  32  2:48  Drone  
  33  2:54  Drone x2  
  33  2:57  Drone  
  36  3:05  Drone x2  
  38  3:07  Drone x3  
  41  3:15  Queen  
  43  3:20  Extractor, Queen  
  43  3:24  Overlord  
  45  3:28  Overlord  
  45  3:40  Drone x5  
  50  3:42  Queen  
  50  3:43  Drone x2  
  50  3:46  Drone  
  55  3:50  Zergling x4  
  55  3:51  Overlord  
  55  3:52  Zergling x2  
  55  3:55  Zergling x2  
  59  4:01  Drone  
  58  4:03  Drone x2  
  58  4:09  Drone  
  59  4:10  Overlord  
  59  4:13  Drone x2  
  59  4:14  Drone x2  
  62  4:19  Queen  
  64  4:24  Overlord  
  64  4:28  Queen  
  64  4:29  Drone  
  64  4:30  Spore Crawler  
  64  4:31  Drone  
  67  4:34  Drone x3  
  67  4:38  Zergling x2  
  71  4:39  Spore Crawler  
  71  4:40  Overlord  
  71  4:42  Drone  
  71  4:47  Extractor  
  71  4:49  Zergling x2  
  71  4:50  Drone x3  
  71  4:51  Drone x2  
  76  4:52  Extractor  
  76  4:54  Lair  
  76  4:58  Extractor  
  74  5:02  Evolution Chamber  
  72  5:10  Drone x8  
  78  5:17  Overlord, Roach Warren  
  78  5:19  Drone x2  
  79  5:25  Evolution Chamber x2  
  79  5:26  Extractor  
  79  5:27  Extractor, Drone  
  76  5:29  Drone x2  
  76  5:30  Drone  
  76  5:33  Drone  
  76  5:34  Drone  
  81  5:38  Drone x2  
  81  5:39  Drone  
  84  5:47  Drone x7  
  91  5:52  Zerg Missile Weapons Level 1  
  91  5:54  Zerg Ground Armor Level 1  
  91  5:56  Glial Reconstitution  
  91  5:58  Overlord  
  91  6:00  Overseer  
  91  6:07  Overseer  
  91  6:08  Spire  
  91  6:10  Drone  
  91  6:11  Drone  
  92  6:12  Drone  
  92  6:14  Drone  
  92  6:15  Drone, Spore Crawler  
  94  6:22  Hatchery  
  94  6:23  Overlord  
  93  6:26  Overlord  
  93  6:28  Overlord  
  93  6:29  Overlord  
  93  6:32  Overlord  
  93  6:36  Zergling x4  
  93  6:39  Roach x3  
  86  6:47  Roach x5  
  86  6:49  Roach  
  86  6:53  Roach x2  
  102  6:57  Roach  
  102  6:59  Roach x2  
  108  7:03  Roach x2  
  108  7:08  Roach x2  
  113  7:11  Roach  
  104  7:18  Roach  
  106  7:25  Roach x2  
  108  7:31  Roach  
  108  7:34  Ravager x8  
  108  7:35  Ravager  
  119  7:40  Roach x2  
  123  7:45  Roach  
  123  7:49  Roach  
  123  7:50  Roach  
  129  7:51  Zergling x6  
  129  7:55  Roach  
  130  8:00  Roach x2  
  130  8:04  Roach  
  125  8:12  Roach x2  
  104  8:14  Roach  
  104  8:15  Roach  
  104  8:17  Roach  
  94  8:21  Roach  
  94  8:23  Roach  
  94  8:26  Roach  
  94  8:27  Zergling x8  
  98  8:28  Zergling x2  
  98  8:31  Zergling x2  
  98  8:32  Zergling x2  
  101  8:35  Roach  
  101  8:39  Roach  
  105  8:42  Ravager  
  105  8:43  Zergling x6  
  105  8:46  Zergling x4  
  111  8:50  Zergling x2, Ravager  
  111  8:54  Zergling x4  

Tags
 
Add a new tag
Caveats
  • Supply blocks, unpowered buildings, or Contaminate may cause inaccurate times.
  • Supply counts are checked every 10 seconds.